 Dungeon Crawl Stone Soup version 0.31-a0-981-geadf994542 (webtiles) character file.

Game seed: 11992113049419536065

53 night the Vexing (level 3, 0/18 HPs)
             Began as a Spriggan Hexslinger on Nov 1, 2023.
             Slain by an iguana (11 damage)
             ... on level 2 of the Dungeon.
             The game lasted 00:01:46 (721 turns).

night the Vexing (Spriggan Hexslinger)               Turns: 721, Time: 00:01:47

Health: 0/18       AC:  2    Str:  4    XL:     3   Next: 62%
Magic:  6/7        EV: 18    Int: 14    God:
Gold:   42         SH:  0    Dex: 19    Spells: 6/6 levels left

rFire   . . .        a - +1 sling
rCold   . . .        (no shield)
rNeg    . . .        c - +0 robe
rPois   .            (helmet restricted)
rElec   .            (no cloak)
rCorr   .            (gloves unavailable)
SInv    +            (boots unavailable)
Will    .....        i - amulet of regeneration
Stlth   ++           (no ring)
HPRegen 1.03/turn    (no ring)
MPRegen 0.10/turn

%: no passive effects
@: very quick
A: very small, no large weapons, unfitting armour, see invisible, speed 3
a: no special abilities


You were on level 2 of the Dungeon.
You visited 1 branch of the dungeon, and saw 2 of its levels.

You collected 42 gold pieces.

Inventory:

Hand Weapons
 a - a +1 sling (weapon)
Missiles
 d - 16 stones
 g - 3 poisoned darts
 j - 6 boomerangs
Armour
 c - a +0 robe (worn)
Jewellery
 i - an amulet of regeneration (around neck)
Scrolls
 b - a scroll of poison
 f - 2 scrolls of identify {unknown}
 h - a scroll of immolation {unknown}
Potions
 e - 2 potions of invisibility {unknown}
 k - 2 potions of curing {unknown}


   Skills:
 + Level 1.2 Fighting
 * Level 2.9 Ranged Weapons
 + Level 3.3 Dodging
 + Level 2.0 Spellcasting
 + Level 4.0 Hexes
 - Level 0.7 Fire Magic


You had 6 spell levels left.
You didn't know any spells.
Your spell library contained the following spells:

 Spells                   Type           Power      Damage    Failure   Level
 Jinxbite                 Hex            24%        N/A       7%          2
 Sigil of Binding         Hex            12%        N/A       14%         3
 Inner Flame              Hex/Fire       8%         N/A       26%         3
 Cause Fear               Hex            6%         N/A       41%         4
 Dimensional Bullseye     Hex/Tloc       3%         N/A       71%         4


Dungeon Overview and Level Annotations

Branches:
Dungeon (2/15)

Altars:


Innate Abilities, Weirdness & Mutations

You are very small and have problems with some larger weapons.
You are too small for most types of armour.
You have supernaturally acute eyesight. (SInv)
You cover ground extremely quickly. (Speed+++)


Message History

You see here a +0 dagger.
Found a stone staircase leading down.
An iguana comes into view.
You shoot a sling bullet.
The sling bullet barely misses the iguana.
You shoot a sling bullet.
The sling bullet hits the iguana but does no damage.
You shoot a sling bullet. The adder hisses angrily.
The sling bullet hits the iguana but does no damage.
You shoot a sling bullet. The sling bullet hits the iguana.
The iguana is lightly wounded.
You shoot a sling bullet. The sling bullet hits the iguana.
The iguana is moderately wounded.
The iguana bites you but does no damage.
The adder attacks as it pursues you! The adder bites you.
You are poisoned.
The adder poisons you!
You feel sick.
You feel sick.
You feel sick.
You shoot a sling bullet. The sling bullet hits the adder!
The adder is severely wounded.
You feel sick.
You are no longer poisoned.
You shoot a sling bullet. The sling bullet hits the adder.
You kill the adder!
Your Spellcasting skill increases to level 2!
You shoot a sling bullet. The sling bullet hits the iguana!
The iguana is severely wounded.
The iguana closely misses you.
You shoot a sling bullet.
The sling bullet barely misses the iguana.
The iguana bites you!
Ouch! That really hurt!
You shoot a sling bullet.
The sling bullet barely misses the iguana.
The iguana bites you!
Ouch! That really hurt!
You die...

#.##.#...#.#
...#.......#
.........#.#
...#..#.##.##
#.......†...#
........)##.##
##.#..#...#..#
#......l.....##
......#@..#)..#
#...#.##.##.#.######
##.## ......#....<.#
... .......######.#
. #.#..##.# #.#
#.....##.# #.#
.#.#.###.# #.# # #.#
#.# #.#


You could see an iguana.

Vanquished Creatures
  An adder (D:2)
  3 dart slugs (D:1)
  2 endoplasms
  A giant cockroach (D:1)
  7 goblins
  5 hobgoblins
  3 quokkas (D:1)
  A ball python (D:2)
  2 bats
  3 frilled lizards (D:1)
  3 kobolds (D:1)
  5 rats (D:1)
36 creatures vanquished.

Notes
Turn   | Place    | Note
-------+----------+-------------------------------------------
     0 | D:1      | night the Spriggan Hexslinger began the quest for the Orb.
     0 | D:1      | Reached XP level 1. HP: 9/9 MP: 3/3
     6 | D:1      | Noticed a rime drake
     6 | D:1      | Noticed a polar bear
     7 | D:1      | Noticed a hog
     7 | D:1      | Noticed a salamander
    90 | D:1      | Reached skill level 1 in Fighting
    90 | D:1      | Reached XP level 2. HP: 14/14 MP: 5/5
   360 | D:1      | Reached XP level 3. HP: 14/18 MP: 6/6
   684 | D:2      | Reached skill level 4 in Hexes
   719 | D:2      | Reached skill level 2 in Spellcasting
   721 | D:2      | Slain by an iguana

Illustrated notes

Levels and vault maps discovered:
D:1:      onia_arrival_zoo_common, layout_loops_ring
D:2:      layout_loops_cross, chequers_ecumenical_altar_grove, basic_altar,
          kennysheep_cluttered_room, hangedman_decor_clover_reticule,
          minmay_split_cup_small, uniq_natasha

Skill      XL: |  1  2  3 |
---------------+----------+-----
Fighting       | 1 |  1.2
Dodging        | 3 |  3.3
Hexes          | 4 |  4.0
Spellcasting   | 2 |  2.0
Ranged Weapons | |  2.9
Fire Magic     | |  0.7

Action                     || total
---------------------------++-------
   Fire: Sling             ||   106
 Armour: Robe              ||    13
  Dodge: Dodged            ||    32

Table legend: (Time is in decaauts)
 A = Elapsed time spent in this place.
 B = Non-inter-level travel time spent in this place.
 C = Inter-level travel time spent in this place.
 D = Time resting spent in this place.
 E = Time spent auto-exploring this place.
 F = Levels seen in this place.
 G = Mean time per level.
                   A        B        C        D        E       F      G
               +--------+--------+--------+--------+--------+-----+--------+
         Total |    523 |    500 |     23 |      0 |    324 |   2 |  261.5 |
       Dungeon |    523 |    500 |     23 |      0 |    324 |   2 |  261.5 |
               +--------+--------+--------+--------+--------+-----+--------+

Top non-repeatable levels by time:
     D:1: 474 daAuts
     D:2: 48 daAuts
